 Dungeon Crawl Stone Soup version 0.19.5 (webtiles) character file.

91 Rhllor the Sneak (level 4, -6/21 HPs)
             Began as a Spriggan Enchanter on Mar 27, 2017.
             Killed from afar by Natasha (7 damage)
             ... with a magic dart
             ... on level 2 of the Dungeon.
             The game lasted 00:16:48 (2243 turns).

Rhllor the Sneak (Spriggan Enchanter)               Turns: 2243, Time: 00:16:48

Health: -6/21      AC:  3    Str:  4    XL:     4   Next: 34%
Magic:  6/10       EV: 19    Int: 16    God:
Gold:   95         SH:  0    Dex: 17    Spells: 3 memorised, 4 levels left

rFire  . . .     SeeInvis +     a - +2 dagger
rCold  . . .     Gourm    .     b - +1 robe
rNeg   . . .     Faith    .     (shield restricted)
rPois  .         Spirit   .     (helmet restricted)
rElec  .         Reflect  .     (no cloak)
rCorr  .         Harm     .     (gloves unavailable)
MR     .....                    (boots unavailable)
Stlth  +++.......               (no amulet)
                                (no ring)
                                (no ring)

@: very slightly contaminated, slowed, quick
A: unfitting armour, see invisible, herbivore 3, speed 3, slow metabolism 2
a: no special abilities


You were on level 2 of the Dungeon.
You were hungry.

You visited 1 branch of the dungeon, and saw 2 of its levels.

You collected 95 gold pieces.

Inventory:

Hand Weapons
 a - a +2 dagger (weapon)
Missiles
 h - 10 poisoned needles
 k - 14 arrows
 l - 54 stones (quivered)
Armour
 b - a +1 robe (worn)
Jewellery
 j - an uncursed ring of magical power {unknown}
 r - an uncursed ring of stealth {unknown}
Wands
 q - a wand of flame (18/48)
 s - a wand of polymorph (10/24)
Scrolls
 e - a scroll of random uselessness {unknown}
 f - a scroll of enchant weapon
 n - a scroll of remove curse {unknown}
 p - 2 scrolls of identify {unknown}
 t - a scroll of enchant armour {unknown}
Potions
 i - 2 potions of mutation {unknown}
 m - 2 potions of curing {unknown}
 o - a potion of degeneration {unknown}
 u - a potion of haste {unknown}
 v - a potion of berserk rage {unknown}
 w - a potion of cancellation {unknown}
Books
 c - a book of Maledictions

   Spells                             Type                      Level
   a - Corona                         Hexes                        1
   b - Ensorcelled Hibernation        Hexes/Ice                    2
   c - Confuse                        Hexes                        3
   d - Tukima's Dance                 Hexes                        3
   e - Dazzling Spray                 Conjuration/Hexes            3
Comestibles
 d - 3 bread rations
 g - a slice of pizza


   Skills:
 + Level 2.5 Short Blades
 + Level 3.8 Dodging
 + Level 5.0 Stealth
 + Level 3.7 Spellcasting
 + Level 4.2 Hexes


You had 4 spell levels left.
You knew the following spells:

 Your Spells              Type           Power        Failure   Level  Hunger
a - Corona                Hex            ###....      3%          1    None
b - Ensorcelled Hibernat  Hex/Ice        #.....       12%         2    ##.....
c - Tukima's Dance        Hex            ###.....     12%         3    ###....


Dungeon Overview and Level Annotations

Branches:
Dungeon (2/15)

Altars:
Ashenzari

Annotations:
D:2 Natasha


Innate Abilities, Weirdness & Mutations

You are very small and have problems with some larger weapons.
You are too small for most types of armour.
You have supernaturally acute eyesight. (SInv)
You are a herbivore.
You cover ground extremely quickly.
You need consume almost no food.


Message History

You barely miss Natasha.
Natasha is heavily wounded.
Natasha stares at you and mumbles some strange words.
You feel as though you will be slow longer.
The white imp gestures at you. The puff of frost hits you!
* * * LOW HITPOINT WARNING * * *
Natasha claws you.
* * * LOW HITPOINT WARNING * * *
Unknown command.
The white imp misses you. Natasha casts a spell at you.
You feel as though you will be slow longer.
The white imp gestures at you. The puff of frost hits you!
* * * LOW HITPOINT WARNING * * *
The white imp disappears in a puff of smoke!
Natasha casts a spell at you. The magic dart hits you!
You die...

.................)....# #......
.........#.......###### #...#...
###.#######......# #..#.#... #.#
#.K.§..# ...##>#... #.# ##....h.#
.## #<÷... ##.### #.......#
##.... ##.....###..#...## ##
#.... ........##..#.#..# #..
#.... ...........##.##@###.#
####...
...........##.##.##..######......
............................####.
...........##.##.##.......#..###.
..........###.##................#
.........## #.###..#.[.....####..
........## #...#.........## ####
##......# ###...........####...
#.....## #..#..########...##


You could see Natasha and a kobold.

Vanquished Creatures
  Natasha (D:2)
  Terence (D:2)
  An adder (D:2)
  An ooze (D:2)
  2 dart slugs
  2 leopard geckos (D:2)
  2 bats (D:2)
  2 giant cockroaches
  4 goblins (D:2)
  2 hobgoblins (D:2)
  A ball python (D:2)
  4 kobolds
  4 rats
27 creatures vanquished.

Vanquished Creatures (collateral kills)
  A kobold (D:2)
1 creature vanquished.

Grand Total: 28 creatures vanquished

Notes
Turn   | Place    | Note
-------+----------+-------------------------------------------
     0 | D:1      | Rhllor the Spriggan Enchanter began the quest for the Orb.
     0 | D:1      | Reached XP level 1. HP: 9/9 MP: 5/5
   344 | D:2      | Reached XP level 2. HP: 12/13 MP: 7/7
   762 | D:2      | Found a shattered altar of Ashenzari.
   773 | D:2      | Noticed Terence
   781 | D:2      | Killed Terence
   781 | D:2      | Reached XP level 3. HP: 16/16 MP: 8/8
   803 | D:2      | Learned a level 2 spell: Ensorcelled Hibernation
   807 | D:2      | Learned a level 3 spell: Tukima's Dance
  1468 | D:2      | Noticed Natasha
  1976 | D:2      | Killed Natasha
  1976 | D:2      | Reached skill level 5 in Stealth
  1976 | D:2      | Reached XP level 4. HP: 21/21 MP: 5/10
  2222 | D:2      | Noticed Natasha
  2239 | D:2      | HP: 1/21 [white imp/puff of frost[Natasha] (5)]
  2243 | D:2      | Killed from afar by Natasha

Skill      XL: |  1  2  3 |
---------------+----------+-----
Spellcasting   | 3 |  3.7
Short Blades   | 2 |  2.5
Hexes          | 4 |  4.2
Stealth        | 5 |  5.0
Dodging        | |  3.8

Action                   |  1- 3 |  4- 6 || total
-------------------------+-------+-------++-------
Melee: Dagger            |    97 |     8 ||   105
Throw: Stone             |     2 |       ||     2
 Cast: Corona            |     6 |       ||     6
       Ensorcelled Hiber |     9 |     6 ||    15
       Tukima's Dance    |     4 |       ||     4
  Use: Scroll            |     1 |       ||     1
 Stab: Sleeping          |    12 |     1 ||    13
Armor: Robe              |    10 |       ||    10
Dodge: Dodged            |    72 |     9 ||    81
